 Dungeon Crawl Stone Soup version 0.28-a0-769-g550dbda0cd (webtiles) character file.

Game seed: 3992896735180419006

865 funkygono the Firebug (level 8, -1/42 HPs)
             Began as a Gargoyle Fire Elementalist on Oct 31, 2021.
             Slain by Maggie (5 damage)
             ... on level 7 of the Dungeon on Nov 1, 2021.
             The game lasted 00:10:26 (4362 turns).

funkygono the Firebug (Gargoyle Fire Elementalist)  Turns: 4362, Time: 00:10:26

Health: -1/42      AC: 11    Str: 11    XL:     8   Next: 3%
Magic:  1/15       EV: 12    Int: 19    God:
Gold:   186        SH:  0    Dex: 10    Spells: 7/17 levels left

rFire   . . .      SeeInvis .   o - +0 mace
rCold   . . .      Faith    .   (no shield)
rNeg    + . .      Spirit   .   a - +0 robe
rPois   ∞          Reflect  .   i - +2 helmet
rElec   +          Harm     .   (no cloak)
rCorr   .          Rampage  .   h - +0 pair of gloves
Will    .....                   (no boots)
Stlth   ++........              (no amulet)
HPRegen 0.14/turn               (no ring)
MPRegen 0.14/turn               (no ring)

@: no status effects
A: sickness immunity, AC +5, negative energy resistance 1, electricity
resistance, torment resistance 1, petrification resistance
a: no special abilities


You were on level 7 of the Dungeon.
You visited 1 branch of the dungeon, and saw 5 of its levels.

You collected 186 gold pieces.

Inventory:

Hand Weapons
 o - a +0 mace (weapon)
Missiles
 d - 33 stones
Armour
 a - a +0 robe (worn)
 b - a +1 chain mail of poison resistance
 g - a +0 ring mail
 h - a +0 pair of gloves (worn)
 i - a +2 helmet (worn)
Jewellery
 j - an amulet of faith
Scrolls
 c - a scroll of teleportation
Potions
 f - a potion of might
 l - a potion of degeneration {unknown}
 p - 2 potions of cancellation


   Skills:
 + Level 0.7 Fighting
 + Level 1.6 Maces & Flails
 + Level 2.3 Dodging
 - Level 2.1 Stealth
 * Level 5.1 Spellcasting
 * Level 4.7 Conjurations
 * Level 5.4 Fire Magic


You had 7 spell levels left.
You knew the following spells:

 Your Spells              Type           Power      Damage    Failure   Level
a - Foxfire               Conj/Fire      96%        2x1d8     1%          1
b - Scorch                Fire           50%        2d8       1%          2
c - Conjure Flame         Conj/Fire      24%        6-21      4%          3
d - Flame Wave            Conj/Fire      24%        3d6       16%         4

Your spell library contained the following spells:

 Spells                   Type           Power      Damage    Failure   Level
 Apportation              Tloc           8%         N/A       12%         1
 Inner Flame              Hex/Fire       15%        N/A       12%         3
 Ensorcelled Hibernation  Hex/Ice        8%         N/A       19%         2
 Tukima's Dance           Hex            4%         N/A       36%         3
 Freezing Cloud           Conj/Ice/Air   5%         6-21      87%         5
 Alistair's Intoxication  Tmut/Pois      2%         N/A       98%         5
 Invisibility             Hex            2%         N/A       100%        6
 Simulacrum               Ice/Necr       2%         N/A       100%        6
 Polar Vortex             Ice            2%         N/A       100%        9


Dungeon Overview and Level Annotations

Branches:
Dungeon (4/15)             Temple (0/1) D:4

Altars:
Fedhas
Okawaru
Xom
Zin

Annotations:
D:7 Maggie


Innate Abilities, Weirdness & Mutations

You are immune to sickness and miasma.
Your stone body is resilient. (AC +5)
You are immune to poison.
You resist negative energy. (rN+)
You are resistant to electric shocks. (rElec)
You are resistant to unholy torment.
You are immune to petrification.


Message History

You conjure some foxfire!
The foxfire hits Maggie but does no damage.
Maggie is heavily wounded.
The foxfire hits Maggie.
Maggie is heavily wounded.
The foxfire hits Maggie.
Maggie is severely wounded.
Casting: Foxfire (safe; 1% risk of failure)
Confirm with . or Enter, or press ? or * to list all spells.
You conjure some foxfire!
The foxfire hits Maggie but does no damage.
Maggie is heavily wounded.
Unknown command.
Okay, then.
You aren't carrying any items that you can evoke.
Unknown command.
The foxfire hits Maggie.
Maggie is severely wounded.
The foxfire hits Maggie.
Maggie is severely wounded.
The foxfire hits Maggie.
Maggie is severely wounded.
Maggie shouts, "Leave me alone!"
You hit Maggie.
Maggie is severely wounded.
You break out of your daze.
Maggie gestures at you while chanting. The bolt of fire hits you!!
Ouch! That really hurt!
* * * LOW HITPOINT WARNING * * *
Casting: Foxfire (safe; 1% risk of failure)
Confirm with . or Enter, or press ? or * to list all spells.
You don't have enough magic to cast this spell.
You hit Maggie but do no damage.
Maggie is severely wounded.
Maggie closely misses you.
You hit Maggie but do no damage.
Maggie is severely wounded.
Maggie hits you with a +1 war axe of distortion.
You die...

.........#
##.####
.....###'###
#
.##..#.....#
#. #.#.#.# ##
#.v_..#
#.#.#.#
#.....#
#.###'###...
#...@@...?...
#......#.....
#......# ....
#.....## ...
#.$...# ..
#....## .
#..... #.#.#.


You could see Maggie.

Vanquished Creatures
  Grinder (D:3)
  A hornet (D:7)
  2 kobold brigands (D:3)
  A scorpion (D:4)
  A centaur zombie (D:7)
  A hound (D:4)
  A centaur skeleton (D:4)
  An iguana (D:4)
  3 gnolls (D:4)
  An adder (D:2)
  A white imp (D:7)
  An adder skeleton (D:4)
  4 dart slugs
  3 orcs (D:3)
  10 bats
  3 endoplasms
  5 giant cockroaches
  4 goblins
  7 hobgoblins
  4 jackals (D:2)
  17 kobolds
  4 quokkas
  10 ball pythons
  2 frilled lizards
  3 rats
91 creatures vanquished.

Vanquished Creatures (collateral kills)
  9 foxfires (D:1)
9 creatures vanquished.

Vanquished Creatures (others)
  320 foxfires
  2 fungi (D:3)
  9 plants
331 creatures vanquished.

Grand Total: 431 creatures vanquished

Notes
Turn   | Place    | Note
-------+----------+-------------------------------------------
     0 | D:1      | funkygono the Gargoyle Fire Elementalist began the quest
                  | for the Orb.
     0 | D:1      | Reached XP level 1. HP: 10/10 MP: 3/3
   386 | D:1      | Reached XP level 2. HP: 15/15 MP: 1/5
   389 | D:1      | Learned a level 2 spell: Scorch
   945 | D:1      | Reached XP level 3. HP: 19/19 MP: 2/6
   949 | D:1      | Learned a level 3 spell: Conjure Flame
  2018 | D:2      | Reached XP level 4. HP: 24/24 MP: 0/7
  2549 | D:3      | Found a glowing silver altar of Zin.
  2552 | D:3      | Noticed Grinder
  2567 | D:3      | Paralysed by Grinder for 3 turns
  2576 | D:3      | Killed Grinder
  2577 | D:3      | Reached XP level 5. HP: 14/28 MP: 0/10
  2577 | D:3      | Reached XP level 6. HP: 16/32 MP: 0/11
  2582 | D:3      | Learned a level 4 spell: Flame Wave
  2785 | D:3      | Found a shimmering altar of Xom.
  2976 | D:3      | Found an iron altar of Okawaru.
  3134 | D:3      | Found a faded altar of an unknown god.
  3336 | D:3      | Reached skill level 1 in Maces & Flails
  3348 | D:3      | Reached XP level 7. HP: 20/37 MP: 1/13
  3888 | D:4      | Found a staircase to the Ecumenical Temple.
  4014 | D:4      | Reached skill level 5 in Fire Magic
  4117 | D:4      | You fall into a shaft and drop 3 floors!
  4332 | D:7      | Found a blossoming altar of Fedhas.
  4342 | D:7      | Noticed a hornet
  4349 | D:7      | Noticed Maggie
  4351 | D:7      | Killed a hornet
  4352 | D:7      | Reached skill level 5 in Spellcasting
  4352 | D:7      | Reached XP level 8. HP: 28/42 MP: 4/15
  4362 | D:7      | Slain by Maggie

Illustrated notes

Levels and vault maps discovered:
D:1:      amcnicky_arrival_double_pillar, layout_loops_corners, serial_forest,
          infiniplex_forest_clump_cross, infiniplex_forest_clump_long,
          infiniplex_forest_lined_4_way, infiniplex_forest_lined_3_way,
          infiniplex_forest_lined_3
D:2:      layout_rooms, minmay_cupped
D:3:      cheibrodos_thug_alley, layout_loops_ring,
          mainiacjoe_overflow_small_starburst, brannock_xom_greatest_gift,
          mainiacjoe_overflow_boulevard,
          shapermc_ecumenical_altar_mp_ritualfount, chequers_jeans, uniq_grinder
D:4:      layout_cave_pools, gammafunk_temple_of_torment,
          minmay_temple_entry_hall, cheibrodos_sewer_entry_drain
D:7:      layout_cave_pools, makhleb_grotto_becter, kennysheep_little_box,
          biasface_ghost_orc_armoury, uniq_maggie

Skill      XL: |  1  2  3  4  5  6  7 |
---------------+----------------------+-----
Conjurations   | 2 3 4 |  4.7
Dodging        | 2 |  2.3
Spellcasting   | 3 4 5 |  5.1
Fire Magic     | 4 5 |  5.4
Maces & Flails | 1 |  1.6
Fighting       | |  0.7
Stealth        | |  2.1

Action                   |  1- 3 |  4- 6 |  7- 9 || total
-------------------------+-------+-------+-------++-------
Melee: Club              |    44 |    18 |       ||    62
       Mace              |       |    17 |    18 ||    35
 Cast: Foxfire           |    75 |    74 |    51 ||   200
       Scorch            |       |     1 |     4 ||     5
  Use: Scroll            |       |       |     7 ||     7
       Potion            |       |       |     1 ||     1
Armor: Robe              |    21 |    26 |    17 ||    64
Dodge: Dodged            |    17 |    39 |    23 ||    79

Table legend: (Time is in decaauts)
 A = Elapsed time spent in this place.
 B = Non-inter-level travel time spent in this place.
 C = Inter-level travel time spent in this place.
 D = Time resting spent in this place.
 E = Time spent auto-exploring this place.
 F = Levels seen in this place.
 G = Mean time per level.
                   A        B        C        D        E       F      G
               +--------+--------+--------+--------+--------+-----+--------+
         Total |   4402 |   4354 |     48 |    729 |   2613 |   5 |  880.4 |
       Dungeon |   4402 |   4354 |     48 |    729 |   2613 |   5 |  880.4 |
               +--------+--------+--------+--------+--------+-----+--------+

Top non-repeatable levels by time:
     D:3: 1594 daAuts
     D:1: 1449 daAuts
     D:2: 844 daAuts
     D:4: 269 daAuts
     D:7: 245 daAuts
